 Dungeon Crawl Stone Soup version 0.25.1-2-g60ff931df9 (webtiles) character file.

Game seed: 7353974020020258672

980 DerDa the Magician (level 7, -2/46 HPs)
             Began as a Mummy Fire Elementalist on Oct 1, 2020.
             Was an Initiate of Sif Muna.
             Killed from afar by Maggie (18 damage)
             ... with a bolt of fire
             ... on level 6 of the Dungeon.
             The game lasted 00:16:40 (6284 turns).

DerDa the Magician (Mummy Fire Elementalist)        Turns: 6284, Time: 00:16:41

Health: -2/46      AC:  3    Str: 12    XL:     7   Next: 96%
Magic:  10/17      EV: 12    Int: 16    God:    Sif Muna [......]
Gold:   108        SH:  0    Dex: 12    Spells: 9/19 levels left

rFire    . . .     SeeInvis .   n - +4 dagger
rCold    + . .     Gourm    .   (no shield)
rNeg     + + +     Faith    .   a - +0 robe
rPois    ∞         Spirit   .   f - +0 helmet
rElec    .         Reflect  .   (no cloak)
rCorr    .         Harm     .   (no gloves)
MR       +....                  (no boots)
Stlth    ++........             q - amulet of magic regeneration
HPRegen  0.15/turn              h - ring of protection from magic
MPRegen  0.40/turn              t - ring of protection from fire

@: mesmerised
A: no food or potions, fire vulnerability, cold resistance 1, negative energy
resistance 3, torment resistance, unbreathing
a: Renounce Religion


You were on level 6 of the Dungeon.
You worshipped Sif Muna.
Sif Muna was noncommittal.
You were not hungry.

You visited 1 branch of the dungeon, and saw 6 of its levels.

You collected 262 gold pieces.
You spent 154 gold pieces at shops.

Inventory:

Hand Weapons
 c - a +0 club
 k - a +0 short sword
 n - a +4 dagger (weapon)
Missiles
 d - 10 poisoned darts (quivered)
Armour
 a - a +0 robe (worn)
 e - a +0 buckler
 f - a +0 helmet (worn)
 i - a +0 kite shield
Jewellery
 h - a ring of protection from magic (left hand)
 l - an uncursed amulet of the acrobat
 q - an amulet of magic regeneration (around neck)
 t - a ring of protection from fire (right hand)
Wands
 m - a wand of iceblast (10)
 r - a wand of flame (34)
Scrolls
 b - a scroll of enchant weapon
 g - 6 scrolls of identify
 j - 3 scrolls of teleportation
 o - 2 scrolls of remove curse
 p - a scroll of enchant armour {unknown}
 s - a scroll of immolation {unknown}


   Skills:
 - Level 1.5 Dodging
 - Level 1.5 Stealth
 * Level 6.8 Spellcasting
 * Level 4.3 Conjurations
 * Level 5.0 Fire Magic


You had 9 spell levels left.
You knew the following spells:

 Your Spells              Type           Power        Failure   Level  Hunger
a - Foxfire               Conj/Fire      ###.         1%          1    N/A
b - Sticky Flame          Conj/Fire      ###.....     19%         4    N/A
c - Fireball              Conj/Fire      ###.......   45%         5    N/A

Your spell library contained the following spells:

 Spells                   Type           Power        Failure   Level  Hunger
 Conjure Flame            Conj/Fire      ###.....     5%          3    N/A
 Animate Skeleton         Necr           N/A          13%         1    N/A
 Pain                     Necr           #...         13%         1    N/A
 Inner Flame              Hex/Fire       ##......     13%         3    N/A
 Vampiric Draining        Necr           #.........   36%         3    N/A
 Animate Dead             Necr           N/A          77%         4    N/A
 Agony                    Necr           #.......     98%         5    N/A

Dungeon Overview and Level Annotations

Branches:
Dungeon (6/15)
 Temple: D:4-7

Altars:
Elyvilon
Hepliaklqana
Kikubaaqudgha
Makhleb
Okawaru
Qazlal
Ru
Sif Muna
Uskayaw
Wu Jian
Xom
Yredelemnul

Shops:
D:4 ?

Annotations:
D:6 Maggie


Innate Abilities, Weirdness & Mutations

You do not eat or drink.
Your flesh is vulnerable to fire.
You are immune to poison.
Your flesh is cold resistant. (rC+)
You are immune to negative energy. (rN+++)
You are immune to unholy pain and torment.
You can survive without breathing.


Message History

The foxfire hits Maggie but does no damage.
Maggie is heavily wounded.
The foxfire hits Maggie.
Maggie is severely wounded.
Unknown command.
Evoke which item? (* to show all) (? for menu, Esc to quit)
Aiming: Iceblast
Press: ? - help, Shift-Dir - straight line The mass of ice explodes!
The iceblast engulfs Maggie.
Maggie is severely wounded.
Maggie hits you from afar with a +2 glaive of flaming!
Maggie burns you.
Evoke which item? (* to show all) (? for menu, Esc to quit)
Aiming: Iceblast
Press: ? - help, Shift-Dir - straight line The mass of ice explodes!
The iceblast engulfs Maggie!
Maggie is almost dead.
Maggie points at you and mumbles some strange words.
The bolt of fire hits you!!
You die...

..##†...........
#..... ..#
#.<........
#.....
###.####.......#
#.......###...##
#.#####.###..##
..#...#..#..##
..#.((#....#
..#####....###
.......@>....#
...._@........#
.............##
.............#
.?............#
............#..
...........###.
.........###


You could see Maggie (mesmerising) and 2 dancing weapons.

Vanquished Creatures
  Grinder (D:5)
  A black bear (D:5)
  A phantom (D:4)
  A centaur (D:5)
  A scorpion (D:5)
  A crimson imp (D:6)
  A hound (D:5)
  An orc priest (D:4)
  2 iguanas
  Ijyb (D:5)
  An orc wizard (D:4)
  4 worker ants
  A hound skeleton (D:4)
  4 gnolls
  3 adders
  A shadow imp (D:5)
  3 worms
  A dart slug (D:2)
  5 leopard geckos
  10 orcs
  3 giant cockroaches
  3 goblins
  7 hobgoblins
  10 jackals
  6 kobolds
  3 quokkas
  2 ball pythons
  4 bats
  7 frilled lizards
  7 rats
96 creatures vanquished.

Vanquished Creatures (others)
  438 foxfires
438 creatures vanquished.

Grand Total: 534 creatures vanquished

Notes
Turn   | Place    | Note
-------+----------+-------------------------------------------
     0 | D:1      | DerDa the Mummy Fire Elementalist began the quest for the
                  | Orb.
     0 | D:1      | Reached XP level 1. HP: 13/13 MP: 4/4
    67 | D:1      | Reached skill level 1 in Conjurations
   263 | D:1      | Reached skill level 3 in Spellcasting
   313 | D:1      | Reached XP level 2. HP: 19/19 MP: 3/6
   991 | D:2      | Reached XP level 3. HP: 18/24 MP: 3/7
  1224 | D:2      | Reached XP level 4. HP: 10/30 MP: 0/9
  1603 | D:2      | You fall into a shaft and drop 2 floors!
  1840 | D:2      | Reached skill level 4 in Spellcasting
  2371 | D:3      | Found a sacrificial altar of Ru.
  2700 | D:3      | Reached XP level 5. HP: 29/35 MP: 4/11
  2706 | D:3      | Learned a level 4 spell: Sticky Flame
  2712 | D:3      | Learned a level 5 spell: Fireball
  3227 | D:4      | Found Quvvisuf's Magic Scroll Shoppe.
  3233 | D:4      | Bought a scroll of noise for 11 gold pieces
  3233 | D:4      | Bought a scroll of remove curse for 33 gold pieces
  3233 | D:4      | Bought a scroll of identify for 22 gold pieces
  3233 | D:4      | Bought 2 scrolls of teleportation for 66 gold pieces
  3240 | D:4      | Bought a scroll of identify for 22 gold pieces
  3255 | D:4      | Found a burning altar of Makhleb.
  3809 | D:4      | Noticed a phantom
  3943 | D:4      | Reached skill level 5 in Spellcasting
  3943 | D:4      | Reached XP level 6. HP: 41/41 MP: 8/13
  4150 | D:4      | Found a stormy altar of Qazlal.
  4458 | D:4      | Found an iron altar of Okawaru.
  4496 | D:4      | Found a basalt altar of Yredelemnul.
  4559 | D:4      | Found a white marble altar of Elyvilon.
  4639 | D:4      | Found a glowing golden altar of the Shining One.
  4646 | D:4      | You fall into a shaft and drop 2 floors!
  4817 | D:6      | Found a shimmering blue altar of Sif Muna.
  4821 | D:6      | Became a worshipper of Sif Muna the Loreminder
  4850 | D:5      | Entered Level 5 of the Dungeon
  5024 | D:5      | Found an ancient bone altar of Kikubaaqudgha.
  5028 | D:5      | Reached XP level 7. HP: 39/46 MP: 12/15
  5039 | D:5      | Noticed Grinder
  5055 | D:5      | Killed Grinder
  5055 | D:5      | Reached skill level 6 in Spellcasting
  5421 | D:5      | Noticed Ijyb
  5438 | D:5      | Killed Ijyb
  6092 | D:4      | Reached skill level 5 in Fire Magic
  6130 | D:4      | Found a shimmering altar of Xom.
  6130 | D:4      | Found an ornate altar of the Wu Jian Council.
  6132 | D:4      | Found a hazy altar of Hepliaklqana.
  6132 | D:4      | Found a sacrificial altar of Ru.
  6132 | D:4      | Found a basalt altar of Yredelemnul.
  6264 | D:6      | Noticed a +0 hand axe
  6264 | D:6      | Noticed a +0 hand axe
  6266 | D:6      | Found a hide-covered altar of Uskayaw.
  6268 | D:6      | Noticed Maggie
  6284 | D:6      | Killed from afar by Maggie

Illustrated notes

Levels and vault maps discovered:
D:1:      lightli_arrival_boilingwater, layout_rooms, grunt_decor_arrowhead,
          grunt_decor_fettered
D:2:      layout_loops_ring
D:3:      layout_loops_ring, nicolae_overflow_crystal_walls, first_ration,
          item_on_display_a
D:4:      layout_basic, kennysheep_ying_yang, kennysheep_little_box,
          lemuel_round_altar, nicolae_overflow_hidden_temple,
          doesnt_xom_only_xom, serial_shops, nicolae_shop_crystal, st_stairs_9,
          minmay_circle_x
D:5:      layout_basic, kiku_gazebo_garden_becter, uniq_grinder, uniq_ijyb
D:6:      layout_cave_pods, lemuel_crystal_altar, dancing_weapons_uskayaw,
          hangedman_decor_growths, uniq_blork_the_orc, uniq_maggie

Skill      XL: |  1  2  3  4  5  6  7 |
---------------+----------------------+-----
Conjurations   | 1 2 3 4 |  4.3
Spellcasting   | 3 4 5 6 |  6.8
Fire Magic     | 3 4 5 |  5.0
Dodging        | |  1.5
Stealth        | |  1.5

Action                   |  1- 3 |  4- 6 |  7- 9 || total
-------------------------+-------+-------+-------++-------
Melee: Club              |    13 |     8 |       ||    21
       Short sword       |       |     6 |       ||     6
       Dagger            |       |    38 |     6 ||    44
 Cast: Foxfire           |    51 |   177 |    42 ||   270
       Sticky Flame      |       |     1 |     3 ||     4
       Fireball          |       |       |     1 ||     1
Evoke: Wand              |       |       |     3 ||     3
  Use: Scroll            |       |     2 |       ||     2
Armor: Robe              |     3 |    16 |     5 ||    24
Dodge: Dodged            |    12 |    90 |     9 ||   111
